 Dungeon Crawl Stone Soup version 0.27.1 (webtiles) character file.

Game seed: 3480511502842799763

24 Destapler the Magician (level 2, 0/15 HPs)
             Began as a Deep Elf Hedge Wizard on Aug 24, 2021.
             Was a Follower of Kikubaaqudgha.
             Slain by a jackal (2 damage)
             ... on level 1 of the Dungeon.
             The game lasted 00:03:53 (1023 turns).

Destapler the Magician (Deep Elf Hedge Wizard)      Turns: 1023, Time: 00:03:54

Health: 0/15       AC:  2    Str:  7    XL:     2   Next: 79%
Magic:  4/9        EV: 12    Int: 18    God:    Kikubaaqudgha [*.....]
Gold:   75         SH:  0    Dex: 14    Spells: 7/10 levels left

rFire    . . .     SeeInvis .   a - +0 dagger
rCold    . . .     Faith    .   (no shield)
rNeg     . . .     Spirit   .   b - +0 robe
rPois    .         Reflect  .   c - +0 hat
rElec    .         Harm     .   (no cloak)
rCorr    .         Rampage  .   (no gloves)
Will     .....                  (no boots)
Stlth    ++........             (no amulet)
HPRegen  0.05/turn              (no ring)
MPRegen  0.11/turn              (no ring)

@: no status effects
A: no striking features
a: Renounce Religion, Receive Corpses


You were on level 1 of the Dungeon.
You worshipped Kikubaaqudgha.
Kikubaaqudgha was aware of your devotion.
You visited 1 branch of the dungeon, and saw 1 of its levels.

You collected 75 gold pieces.

Inventory:

Hand Weapons
 a - a +0 dagger (weapon)
Armour
 b - a +0 robe (worn)
 c - a +0 hat (worn)
Scrolls
 f - 2 scrolls of identify {unknown}
 g - a scroll of immolation
 h - a scroll of enchant armour {unknown}
 i - 3 scrolls of vulnerability {unknown}
Potions
 d - a potion of might {unknown}
 e - a potion of curing {unknown}


   Skills:
 + Level 0.1 Fighting
 + Level 0.2 Short Blades
 + Level 2.7 Dodging
 + Level 2.9 Stealth
 + Level 4.6 Spellcasting
 + Level 1.5 Conjurations
 + Level 1.4 Summonings
 + Level 0.3 Necromancy
 + Level 1.4 Translocations


You had 7 spell levels left.
You knew the following spells:

 Your Spells              Type           Power      Damage    Failure   Level
a - Magic Dart            Conj           36%        1d4       8%          1
B - Blink                 Tloc           N/A        N/A       12%         2

Your spell library contained the following spells:

 Spells                   Type           Power      Damage    Failure   Level
 Foxfire                  Conj/Fire      24%        2x1d5     11%         1
 Pain                     Necr           20%        1d5       12%         1
 Call Imp                 Summ           9%         N/A       12%         2
 Sublimation of Blood     Necr           2%         N/A       19%         2
 Corpse Rot               Necr/Air       N/A        N/A       21%         2
 Slow                     Hex            4%         N/A       22%         2
 Conjure Flame            Conj/Fire      6%         6-21      30%         3
 Mephitic Cloud           Conj/Pois/Air  5%         N/A       34%         3
 Vampiric Draining        Necr           2%         2d6       36%         3
 Inner Flame              Hex/Fire       4%         N/A       38%         3


Dungeon Overview and Level Annotations

Branches:
Dungeon (1/15)

Altars:
Kikubaaqudgha

Shops:
D:1 (


Message History

You hit the jackal but do no damage. The jackal barely misses you.
The jackal completely misses you.
You hit the jackal but do no damage. The jackal closely misses you.
The jackal bites you.
The jackal bites you but does no damage.
The jackal bites you.
The magic dart hits the jackal.
The jackal is moderately wounded.
The jackal barely misses you. The jackal bites you.
The magic dart hits the jackal.
The jackal is heavily wounded.
The jackal bites you. The jackal closely misses you.
The jackal barely misses you.
The magic dart hits the jackal but does no damage.
The jackal is heavily wounded.
The jackal misses you. x2
The jackal bites you but does no damage.
The magic dart hits the jackal.
The jackal is severely wounded.
The jackal barely misses you. The jackal bites you.
* * * LOW HITPOINT WARNING * * *
The magic dart hits the jackal.
The jackal is almost dead.
The jackal bites you.
* * * LOW HITPOINT WARNING * * *
The jackal bites you but does no damage.
The jackal closely misses you. The jackal bites you.
* * * LOW HITPOINT WARNING * * *
The jackal misses you. The jackal barely misses you. The jackal bites you.
* * * LOW HITPOINT WARNING * * *
You see here a bat corpse.
The jackal barely misses you.
Casting: Magic Dart (safe; 8% risk of failure)
Confirm with . or Enter, or press ? or * to list all spells.
You blink.
The jackal closely misses you. The jackal bites you.
You die...
Kikubaaqudgha rasps: "You have failed me!
Welcome... death!"

#..##......#
#.###>....>.#
###..##......# #..
........#
.....##.##.### #.#
#........
........##.#
#.###...!...#
#.##.#####.#
#..........?#
.....# #.#
#.###.......#
#.#### #.# #.#
#.##.#### #.# #.#
#.# #.# .# #.####
#.# #@# #.# #
#....# #.# #h# #..
####.#####.# #h#
###
...........#####.#
####......†......#
###############


You could see 2 jackals.

Vanquished Creatures
  3 dart slugs (D:1)
  An endoplasm (D:1)
  2 goblins (D:1)
  3 hobgoblins (D:1)
  A quokka (D:1)
  A ball python (D:1)
  5 bats (D:1)
  2 frilled lizards (D:1)
  A rat (D:1)
19 creatures vanquished.

Notes
Turn   | Place    | Note
-------+----------+-------------------------------------------
     0 | D:1      | Destapler the Deep Elf Hedge Wizard began the quest for the
                  | Orb.
     0 | D:1      | Reached XP level 1. HP: 10/10 MP: 7/7
    82 | D:1      | Found Sigak's Weapon Shoppe.
   203 | D:1      | Found a faded altar of an unknown god.
   224 | D:1      | Reached XP level 2. HP: 7/15 MP: 6/9
   531 | D:1      | Became a worshipper of Kikubaaqudgha
   531 | D:1      | Reached * piety under Kikubaaqudgha
   531 | D:1      | Received a gift from Kikubaaqudgha
   535 | D:1      | Learned a level 2 spell: Blink
  1023 | D:1      | Slain by a jackal

Illustrated notes

Levels and vault maps discovered:
D:1:      onia_arrival_pyramid, layout_loops_ring, serial_shops, shop,
          hellmonk_ecumenical_altar_blasted

Action                   || total
-------------------------++-------
Melee: Dagger            ||    12
 Cast: Magic Dart        ||    49
       Blink             ||     2
 Stab: Sleeping          ||     2
Armor: Robe              ||     8
Dodge: Dodged            ||    24
